 Seeded DCSS version 0.28-a0-1080-g05a166d0ed (webtiles) character file.

Game seed: 3527403583651477610 (custom seed)

953 croobank the Digger (level 8, -12/58 HPs)
             Began as a Gnoll Earth Elementalist on Dec 9, 2021.
             Mangled by Duvessa (20 damage)
             ... on level 5 of the Dungeon.
             The game lasted 00:39:11 (6830 turns).

croobank the Digger (Gnoll Earth Elementalist)      Turns: 6830, Time: 00:39:12

Health: -12/58     AC:  9    Str:  9    XL:     8   Next: 14%
Magic:  6/16       EV: 13    Int: 14    God:
Gold:   124        SH:  0    Dex: 14    Spells: 5/18 levels left

rFire   + + .      SeeInvis .   a - +3 Elemental Staff {rElec rF++ rC++ AC+5}
rCold   + + +      Faith    .   (no shield)
rNeg    . . .      Spirit   .   d - +0 leather armour
rPois   .          Reflect  .   (no helmet)
rElec   +          Harm     .   h - +0 cloak
rCorr   +          Rampage  .   (no gloves)
Will    .....                   (no boots)
Stlth   +++.......              (no amulet)
HPRegen 0.19/turn               s - ring of protection from cold
MPRegen 0.15/turn               v - ring of resist corrosion

@: brilliant, very slightly contaminated
A: fangs 1, strong nose, distributed training
a: no special abilities


You were on level 5 of the Dungeon.
You visited 2 branches of the dungeon, and saw 6 of its levels.

You collected 216 gold pieces.
You spent 92 gold pieces at shops.

Inventory:

Hand Weapons
 a - the +3 Elemental Staff (weapon) {rElec rF++ rC++ AC+5}
   (You found it on level 4 of the Dungeon)

   If the wielder is skilled in Evocations, they can discharge powerful blasts
   of elemental energy when striking with it.
   It enhances your fire, ice, earth and air magic.
   AC:        It affects your AC (+5).
   rF:        It greatly protects you from fire.
   rC:        It greatly protects you from cold.
   rElec:     It insulates you from electricity.
 b - a +0 hunting sling
 g - a +2 dagger of venom
 j - a +0 falchion
 q - a +2 vampiric dagger
 y - a +0 war axe
Missiles
 c - 172 stones
 i - 11 javelins (quivered)
 l - 22 sling bullets
 o - 52 arrows
 D - 2 boomerangs
Armour
 d - a +0 leather armour (worn)
 h - a +0 cloak (worn)
 n - a +0 scale mail
 x - a +0 plate armour {ambrosia}
 E - the +0 leather armour of the Game Afoot {Drain rC+ Str+7}
   (You found it on level 5 of the Dungeon)

   Str:       It affects your strength (+7).
   rC:        It protects you from cold.
   Drain:     It drains your maximum health when unequipped.
Magical Staves
 f - a staff of conjuration
 A - a staff of death
Jewellery
 s - a ring of protection from cold (left hand)
 v - a ring of resist corrosion (right hand)
Scrolls
 e - 2 scrolls of fog {fog, unknown}
 k - a scroll of amnesia {amnesia, unknown}
 m - 3 scrolls of identify
 t - a scroll of noise {noise, unknown}
 u - 2 scrolls of immolation {immolation, unknown}
 F - 3 scrolls of enchant armour {unknown}
Potions
 r - a potion of attraction {attraction, unknown}
 w - a potion of brilliance {brilliance}
 B - a potion of ambrosia {ambrosida, unknown}


   Skills:
 + Level 3.0 Fighting
 + Level 3.0 Short Blades
 + Level 3.0 Long Blades
 + Level 3.0 Axes
 + Level 3.0 Maces & Flails
 + Level 3.0 Polearms
 + Level 3.0 Staves
 + Level 3.0 Slings
 + Level 3.0 Bows
 + Level 3.0 Crossbows
 + Level 3.0 Throwing
 + Level 3.0 Armour
 + Level 5.5 Dodging
 + Level 5.2 Stealth
 + Level 3.0 Shields
 + Level 3.0 Unarmed Combat
 + Level 5.9 Spellcasting
 + Level 2.4 Conjurations
 + Level 2.4 Hexes
 + Level 2.4 Summonings
 + Level 2.4 Necromancy
 + Level 2.4 Translocations
 + Level 3.3 Transmutations
 + Level 2.4 Fire Magic
 + Level 2.4 Ice Magic
 + Level 2.4 Air Magic
 + Level 6.0 Earth Magic
 + Level 2.4 Poison Magic
 + Level 3.3 Invocations
 + Level 3.0 Evocations


You had 5 spell levels left.
You knew the following spells:

 Your Spells              Type           Power      Damage    Failure   Level
a - Sandblast             Erth           94%        2d19      1%          1
b - Passwall              Tmut/Erth      31%        N/A       4%          2
c - Stone Arrow           Conj/Erth      70%        3d11      12%         3
d - Petrify               Tmut/Erth      38%        N/A       32%         4
e - Tukima's Dance        Hex            16%        N/A       24%         3

Your spell library contained the following spells:

 Spells                   Type           Power      Damage    Failure   Level
 Passage of Golubria      Tloc           16%        N/A       63%         4
 Yara's Violent Unravell  Hex/Tmut       9%         3d6       88%         5


Dungeon Overview and Level Annotations

Branches:
Dungeon (5/15)             Temple (1/1) D:4

Altars:
Ashenzari
Cheibriados
Dithmenos
Elyvilon
Fedhas
Gozag
Hepliaklqana
Kikubaaqudgha
Makhleb
Nemelex Xobeh
Okawaru
Qazlal
Ru
Sif Muna
Wu Jian
Xom
Yredelemnul
Zin
The Shining One

Shops:
D:1 *   D:5 (

Annotations:
D:3 3 runed translucent doors, CowFu's ghost, amateur DsFi
D:4 3 runed translucent doors, Strat's ghost, amateur OpAM
D:5 Duvessa


Innate Abilities, Weirdness & Mutations

You have very sharp teeth.
Your uncanny sense of smell can sniff out nearby items.
Your experience applies equally to all skills.


Message History

You can't see any susceptible monsters within range! (Use Z to cast anyway.) Unknown command.
Casting: Stone Arrow (dangerous; 12% risk of failure)
Confirm with . or Enter, or press ? or * to list all spells.
Aiming: Stone Arrow (dangerous; 12% risk of failure)
Press: ? - help, Shift-Dir - straight line, f - Duvessa
Aim: Duvessa, wielding a +0 rapier and wearing a +3 leather armour of poison resistance (heavily wounded, berserk, 77% to hit)
You feel a strong surge of power!
You miscast Stone Arrow.
You are very lightly contaminated with residual magic.
Nothing appears to happen.
Casting: Stone Arrow (dangerous; 12% risk of failure)
Confirm with . or Enter, or press ? or * to list all spells.
Aiming: Stone Arrow (dangerous; 12% risk of failure)
Press: ? - help, Shift-Dir - straight line, f/p - Duvessa
Aim: Duvessa, wielding a +0 rapier and wearing a +3 leather armour of poison resistance (heavily wounded, berserk, 77% to hit)
You feel a strong surge of power!
The stone arrow hits Duvessa!
Duvessa is severely wounded.
Press: ? - help, v - describe, . - travel
Here: Duvessa, wielding a +0 rapier and wearing a +3 leather armour of poison resistance (severely wounded, berserk)
The floor.
Casting: Stone Arrow (dangerous; 12% risk of failure)
Confirm with . or Enter, or press ? or * to list all spells.
Aiming: Tukima's Dance (dangerous; 24% risk of failure)
Press: ? - help, Shift-Dir - straight line, f/p - Duvessa
Aim: Duvessa, wielding a +0 rapier and wearing a +3 leather armour of poison resistance (severely wounded, berserk, chance to affect: 29%)
You feel a surge of power!
You miscast Tukima's Dance.
Nothing appears to happen.
Duvessa barely misses you. Duvessa hits you with a +0 rapier.
* * * LOW HITPOINT WARNING * * *
Okay, then.
Okay, then.
Casting: Tukima's Dance (dangerous; 24% risk of failure)
Confirm with . or Enter, or press ? or * to list all spells.
Aiming: Stone Arrow (dangerous; 12% risk of failure)
Press: ? - help, Shift-Dir - straight line, f/p - Duvessa
Aim: Duvessa, wielding a +0 rapier and wearing a +3 leather armour of poison resistance (severely wounded, berserk, 77% to hit)
You feel a strong surge of power!
You miscast Stone Arrow.
Nothing appears to happen.
Duvessa hits you but does no damage. Duvessa hits you with a +0 rapier!!
You die...

#....#### ##
#.#.## ∆ ∆ #.###
#.# ##.# #..# #
#.############.#
#.##.e......†..#
#.##@########...#
#.##.## ....#
#.#...# .....((
#...#.# #(#####
###...# .# #####
.# .#


You could see Duvessa (berserk).

Vanquished Creatures
  Grinder (D:3)
  Eustachio (D:4)
  A black bear (D:5)
  A necrophage (D:4)
  A scorpion (D:5)
  Dowan (D:5)
  A centaur zombie (D:5)
  A hound (D:3)
  Terence (D:3)
  An iguana (D:5)
  Natasha (thrice) (D:3)
  4 gnolls (D:3)
  An adder (D:5)
  A worm (D:2)
  2 dart slugs (D:1)
  6 orcs
  3 endoplasms
  4 giant cockroaches
  7 goblins
  9 hobgoblins
  3 jackals (D:1)
  6 quokkas
  6 ball pythons
  7 bats
  2 frilled lizards
  8 kobolds
  9 rats
91 creatures vanquished.

Notes
Turn   | Place    | Note
-------+----------+-------------------------------------------
     0 | D:1      | croobank the Gnoll Earth Elementalist began the quest for
                  | the Orb.
     0 | D:1      | Reached XP level 1. HP: 13/13 MP: 6/6
   355 | D:2      | Found a shadowy altar of Dithmenos.
   421 | D:2      | Reached XP level 2. HP: 18/19 MP: 7/7
  1067 | D:2      | HP: 1/20 [poisoned by a goblin]
  2181 | D:1      | Reached XP level 3. HP: 23/25 MP: 9/9
  2233 | D:1      | Reached skill level 5 in Spellcasting
  2387 | D:1      | Reached skill level 1 in Invocations
  2807 | D:1      | Found Eheaneh's General Store.
  2812 | D:1      | Bought 21 stones for 23 gold pieces
  2812 | D:1      | Bought a scroll of identify for 22 gold pieces
  2812 | D:1      | Bought 23 stones for 25 gold pieces
  2812 | D:1      | Bought a scroll of identify for 22 gold pieces
  3012 | D:3      | Reached skill level 1 in Fighting
  3012 | D:3      | Reached skill level 1 in Short Blades
  3012 | D:3      | Reached skill level 1 in Long Blades
  3012 | D:3      | Reached skill level 1 in Axes
  3012 | D:3      | Reached skill level 1 in Maces & Flails
  3012 | D:3      | Reached skill level 1 in Polearms
  3012 | D:3      | Reached skill level 1 in Staves
  3012 | D:3      | Reached skill level 1 in Slings
  3012 | D:3      | Reached skill level 1 in Bows
  3012 | D:3      | Reached skill level 1 in Crossbows
  3012 | D:3      | Reached skill level 1 in Throwing
  3012 | D:3      | Reached skill level 1 in Armour
  3012 | D:3      | Reached skill level 1 in Shields
  3012 | D:3      | Reached skill level 1 in Unarmed Combat
  3012 | D:3      | Reached skill level 1 in Evocations
  3095 | D:3      | Found a faded altar of an unknown god.
  3117 | D:3      | Reached XP level 4. HP: 31/32 MP: 11/11
  3127 | D:3      | Reached skill level 1 in Conjurations
  3127 | D:3      | Reached skill level 1 in Hexes
  3127 | D:3      | Reached skill level 1 in Summonings
  3127 | D:3      | Reached skill level 1 in Necromancy
  3127 | D:3      | Reached skill level 1 in Translocations
  3127 | D:3      | Reached skill level 1 in Fire Magic
  3127 | D:3      | Reached skill level 1 in Ice Magic
  3127 | D:3      | Reached skill level 1 in Air Magic
  3127 | D:3      | Reached skill level 1 in Poison Magic
  3306 | D:3      | Reached XP level 5. HP: 21/37 MP: 12/12
  3705 | D:3      | Found a runed translucent gate.
  3705 | D:3      | Found a runed translucent gate.
  3705 | D:3      | Found a runed translucent gate.
  3708 | D:3      | Noticed CowFu's ghost (amateur DsFi)
  3743 | D:3      | Noticed Natasha
  3743 | D:3      | Noticed Grinder
  3766 | D:3      | Killed Natasha
  3819 | D:3      | Killed Grinder
  3820 | D:3      | Reached skill level 5 in Dodging
  3820 | D:3      | Reached XP level 6. HP: 20/44 MP: 14/14
  4132 | D:3      | Noticed Natasha
  4139 | D:3      | Killed Natasha
  4212 | D:3      | Noticed Terence
  4223 | D:3      | Killed Terence
  4379 | D:3      | Learned a level 2 spell: Passwall
  4383 | D:3      | Learned a level 3 spell: Stone Arrow
  4388 | D:3      | Learned a level 4 spell: Petrify
  4423 | D:3      | Noticed Natasha
  4430 | D:3      | Killed Natasha
  4431 | D:3      | Reached XP level 7. HP: 40/50 MP: 15/15
  4461 | D:4      | Found the +3 Elemental Staff {rElec rF++ rC++ AC+5}
  4646 | D:4      | Noticed Eustachio
  4966 | D:4      | Killed Eustachio
  5155 | D:4      | Reached skill level 5 in Stealth
  5389 | D:4      | Noticed Strat's ghost (amateur OpAM)
  5394 | D:4      | Found a runed translucent gate.
  5394 | D:4      | Found a runed translucent gate.
  5397 | D:4      | Found a runed translucent gate.
  5560 | D:4      | Learned a level 3 spell: Tukima's Dance
  5697 | D:4      | Found a staircase to the Ecumenical Temple.
  5709 | Temple   | Entered the Ecumenical Temple
  5908 | Temple   | Upgraded the game from 0.28-a0-1038-g9c4cb8273d to
                  | 0.28-a0-1080-g05a166d0ed
  6301 | D:5      | Entered Level 5 of the Dungeon
  6301 | D:5      | Found Eniorohacs's Weapon Boutique.
  6598 | D:5      | Reached skill level 6 in Earth Magic
  6598 | D:5      | Reached XP level 8. HP: 53/57 MP: 16/16
  6692 | D:5      | Identified the +0 leather armour of the Game Afoot {Drain
                  | rC+ Str+7}
  6801 | D:5      | Noticed Dowan
  6802 | D:5      | Killed Dowan
  6803 | D:5      | Noticed Duvessa
  6830 | D:5      | Mangled by Duvessa

Illustrated notes

Levels and vault maps discovered:
D:1:      dpeg_arrival_chambers_temple_mockup, layout_loops_ring, serial_shops,
          shop_fountains
D:2:      mumra_celtic_spiral_tile, layout_basic, basic_altar
D:3:      layout_basic, hellmonk_ecumenical_altar_crossroads,
          gammafunk_ghost_split, uniq_terence, uniq_natasha, uniq_grinder
D:4:      layout_basic, temple_hall, gammafunk_ghost_split, uniq_eustachio
D:5:      layout_loops_corners, nicolae_stop_n_shop_2, uniq_ijyb, uniq_duvessa
Temple:   mainiacjoe_temple_bowtie_tessellation

Skill      XL: |  1  2  3  4  5  6  7  8 |
---------------+-------------------------+-----
Transmutations | 2 3 |  3.3
Spellcasting   | 5 |  5.9
Invocations    | 1 2 3 |  3.3
Fighting       | 1 2 3 |  3.0
Short Blades   | 1 2 3 |  3.0
Long Blades    | 1 2 3 |  3.0
Axes           | 1 2 3 |  3.0
Maces & Flails | 1 2 3 |  3.0
Polearms       | 1 2 3 |  3.0
Staves         | 1 2 3 |  3.0
Slings         | 1 2 3 |  3.0
Bows           | 1 2 3 |  3.0
Crossbows      | 1 2 3 |  3.0
Throwing       | 1 2 3 |  3.0
Armour         | 1 2 3 |  3.0
Shields        | 1 2 3 |  3.0
Unarmed Combat | 1 2 3 |  3.0
Evocations     | 1 2 3 |  3.0
Conjurations   | 1 2 |  2.4
Hexes          | 1 2 |  2.4
Summonings     | 1 2 |  2.4
Necromancy     | 1 2 |  2.4
Translocations | 1 2 |  2.4
Fire Magic     | 1 2 |  2.4
Ice Magic      | 1 2 |  2.4
Air Magic      | 1 2 |  2.4
Poison Magic   | 1 2 |  2.4
Dodging        | 5 |  5.5
Stealth        | 5 |  5.2
Earth Magic    | 6 |  6.0

Action                   |  1- 3 |  4- 6 |  7- 9 || total
-------------------------+-------+-------+-------++-------
Melee: Unarmed           |    28 |       |       ||    28
       Staff             |    25 |       |   119 ||   144
       Bite              |    11 |     8 |     7 ||    26
       Dagger            |    79 |    81 |     1 ||   161
       Punch             |       |     2 |     1 ||     3
Throw: Javelin           |       |       |     7 ||     7
 Cast: Sandblast         |     8 |       |     7 ||    15
       Stone Arrow       |       |       |     3 ||     3
Evoke: Wand              |       |       |     4 ||     4
  Use: Potion            |       |     2 |     3 ||     5
       Scroll            |       |       |     4 ||     4
 Stab: Sleeping          |    10 |     6 |     6 ||    22
       Distracted        |       |     1 |       ||     1
Armor: Leather armour    |    37 |    10 |    79 ||   126
Dodge: Dodged            |    98 |    40 |   147 ||   285

Table legend: (Time is in decaauts)
 A = Elapsed time spent in this place.
 B = Non-inter-level travel time spent in this place.
 C = Inter-level travel time spent in this place.
 D = Time resting spent in this place.
 E = Time spent auto-exploring this place.
 F = Levels seen in this place.
 G = Mean time per level.
                   A        B        C        D        E       F      G
               +--------+--------+--------+--------+--------+-----+--------+
         Total |   6837 |   6686 |    151 |   1740 |   3320 |   6 | 1139.5 |
       Dungeon |   6600 |   6475 |    125 |   1740 |   3132 |   5 | 1320.0 |
        Temple |    236 |    210 |     26 |      0 |    188 |   1 |  236.0 |
               +--------+--------+--------+--------+--------+-----+--------+

Top non-repeatable levels by time:
     D:2: 1688 daAuts
     D:4: 1609 daAuts
     D:3: 1453 daAuts
     D:1: 1317 daAuts
     D:5: 532 daAuts
  Temple: 236 daAuts
